 Dungeon Crawl Stone Soup version 0.23.2-1-ga50397a6bc (webtiles) character file.

Game seed: 7009179703059954296

3455 Dommiel19 the Cleaver (level 10, -5/95 HPs)
             Began as a Hill Orc Fighter on May 18, 2019.
             Was a Priest of Okawaru.
             Slain by a troll (9 damage)
             ... on level 8 of the Dungeon.
             The game lasted 00:13:46 (7887 turns).

Dommiel19 the Cleaver (Hill Orc Fighter)            Turns: 7887, Time: 00:13:46

Health: -5/95      AC: 14    Str: 28    XL:     10   Next: 6%
Magic:  10/10      EV:  7    Int:  8    God:    Okawaru [***...]
Gold:   509        SH:  9    Dex: 10    Spells: 9/9 levels left

rFire    . . .     SeeInvis .   a - +0 war axe
rCold    . . .     Gourm    .   (no shield)
rNeg     . . .     Faith    .   p - +0 plate armour
rPois    .         Spirit   .   (no helmet)
rElec    .         Reflect  +   n - +0 cloak
rCorr    .         Harm     .   (no gloves)
MR       +....     Rnd*Rage +   (no boots)
Stlth    ..........             e - +5 amulet of reflection
HPRegen  0.25/turn              s - ring of flight
MPRegen  0.12/turn              (no ring)

@: mighty
A: large bone plates 1, rugged brown scales 1, berserk 1, magic resistance 1
a: Heroism, Renounce Religion, Evoke Flight


You were on level 8 of the Dungeon.
You worshipped Okawaru.
Okawaru was most pleased with you.
You were very hungry.

You visited 2 branches of the dungeon, and saw 9 of its levels.

You collected 509 gold pieces.

Inventory:

Hand Weapons
 a - a +0 war axe (weapon)
Armour
 c - a +0 shield
 n - a +0 cloak (worn)
 p - a +0 plate armour (worn)
Jewellery
 e - a +5 amulet of reflection (around neck)
 h - an uncursed ring of positive energy {unknown}
 s - a ring of flight (left hand)
Wands
 d - a wand of flame (13)
 g - a wand of random effects (14)
Scrolls
 j - 3 scrolls of identify
 k - 6 scrolls of remove curse
 m - 4 scrolls of fog
 o - 2 scrolls of amnesia
 q - a scroll of immolation {unknown}
 r - a scroll of teleportation
Potions
 b - a potion of magic
 i - 3 potions of flight
 l - 2 potions of curing
Comestibles
 f - 17 rations


   Skills:
 + Level 10.0 Fighting
 * Level 13.9 Axes
 + Level 5.1 Armour
 - Level 3.2 Shields


You had 9 spell levels left.
You didn't know any spells.
Your spell library contained the following spells:

 Spells                   Type           Power        Failure   Level  Hunger
 Animate Skeleton         Necr           N/A          99%         1    ##.....
 Apportation              Tloc           #.....       99%         1    ##.....
 Confusing Touch          Hex            #.....       99%         1    ##.....
 Corona                   Hex            #......      99%         1    ##.....
 Summon Small Mammal      Summ           #...         99%         1    ##.....
 Poisonous Vapours        Pois/Air       #.....       100%        2    ###....
 Slow                     Hex            #.......     100%        2    ###....
 Conjure Flame            Conj/Fire      #.......     100%        3    ####...
 Mephitic Cloud           Conj/Pois/Air  #.......     100%        3    ####...
 Lightning Bolt           Conj/Air       #.........   100%        5    ######.
 Metabolic Englaciation   Hex/Ice        #.........   100%        5    ######.
 Freezing Cloud           Conj/Ice/Air   #.........   100%        6    #######
 Ring of Flames           Chrm/Fire      #.........   100%        7    #######


Dungeon Overview and Level Annotations

Branches:
Dungeon (8/15)             Temple (1/1) D:5
   Lair: D:8-11

Altars:
Ashenzari
Cheibriados
Dithmenos
Fedhas
Gozag
Hepliaklqana
Nemelex Xobeh
Okawaru
Ru
Sif Muna
Trog
Uskayaw
Vehumet
Wu Jian
Xom
Yredelemnul
Zin

Annotations:
D:4 2 transporters


Innate Abilities, Weirdness & Mutations

You are partially covered in large bone plates. (SH +4)
You are partially covered in rugged brown scales. (AC +1, +3% HP)
You tend to lose your temper in combat.
You are resistant to hostile enchantments. (MR+)


Message History

Your plate armour prevents you from hitting the troll.
You hit the bullfrog. You slash the centaur warrior! You hit the phantom.
The bullfrog hits you but does no damage.
You block the troll's attack. The troll claws you!
* * * LOW HITPOINT WARNING * * *
You block the troll's attack.
A harpy comes into view.
The centaur warrior hits you but does no damage.
You barely miss the scorpion.
The scorpion is heavily wounded.
You closely miss the troll. You closely miss the bullfrog.
The harpy screeches!
You slash the centaur warrior! You slash the phantom!
The bullfrog hits you but does no damage.
The phantom hits you.
* * * LOW HITPOINT WARNING * * *
You block the scorpion's attack. The centaur warrior hits you!
* * * LOW HITPOINT WARNING * * *
The troll bites you!
You die...

...#####.......
.....(.................#
.......<...............#
.......................
...........#.........#
...........#.........#
......(....#....Z....#
...........#...cFT$..#
.....(.†...#"...@s...#
....#......######W...###
....#.......|............
.......#.......#.........
.......#.................
.....................H...
...##.#.##...##......._..
......#..#....##.........
#....##........##........


You could see a centaur warrior, a harpy, a troll, a phantom, a bullfrog, a
scorpion and a wyvern skeleton.

Vanquished Creatures
  2 two-headed ogres
  3 ice beasts (D:7)
  An eye of draining (D:6)
  2 phantoms
  A necrophage (D:8)
  A centaur (D:6)
  An ogre (D:4)
  2 big kobolds
  2 bullfrogs
  A scorpion (D:4)
  2 howler monkeys (D:6)
  3 bullfrog zombies
  2 crimson imps
  A jelly (D:5)
  2 hounds
  A bullfrog skeleton (D:6)
  A centaur skeleton (D:8)
  3 iguanas
  Ijyb (D:4)
  Natasha (D:3)
  An orc wizard (D:4)
  7 worker ants
  2 hound skeletons
  A worker ant zombie (D:7)
  Robin (D:3)
  7 gnolls (D:4)
  10 adders
  A shadow imp (D:4)
  An ooze (D:2)
  An adder skeleton (D:5)
  7 worms
  A dart slug (D:1)
  7 leopard geckos
  13 orcs
  A ball python (D:3)
  4 bats
  5 giant cockroaches
  12 goblins
  13 hobgoblins
  3 jackals (D:7)
  15 kobolds
  3 quokkas
  4 frilled lizards
  2 leopard gecko skeletons (D:6)
  A quokka skeleton (D:5)
  6 rats
162 creatures vanquished.

Vanquished Creatures (others)
  A kobold (D:7)
1 creature vanquished.

Grand Total: 163 creatures vanquished

Notes
Turn   | Place    | Note
-------+----------+-------------------------------------------
     0 | D:1      | Dommiel19 the Hill Orc Fighter began the quest for the Orb.
     0 | D:1      | Reached XP level 1. HP: 19/19 MP: 1/1
   167 | D:1      | Reached skill level 3 in Axes
   269 | D:1      | Reached XP level 2. HP: 20/27 MP: 2/2
   911 | D:2      | Reached skill level 4 in Axes
   928 | D:2      | Reached XP level 3. HP: 27/33 MP: 3/3
  1302 | D:2      | Reached XP level 4. HP: 38/41 MP: 4/4
  1546 | D:2      | Reached skill level 5 in Axes
  2024 | D:3      | Reached XP level 5. HP: 19/47 MP: 5/5
  2310 | D:3      | Reached skill level 6 in Axes
  2316 | D:3      | Reached skill level 5 in Fighting
  2616 | D:3      | Noticed Robin
  2629 | D:3      | Killed Robin
  2903 | D:3      | Noticed Natasha
  2915 | D:3      | Killed Natasha
  2948 | D:3      | Reached XP level 6. HP: 34/56 MP: 6/6
  3179 | D:4      | Found a hazy altar of Hepliaklqana.
  3179 | D:4      | Found a bloodstained altar of Trog.
  3181 | D:4      | Noticed a manticore
  3181 | D:4      | Noticed a green ugly thing
  3183 | D:4      | Found a transporter.
  3203 | D:4      | Found a shadowy altar of Dithmenos.
  3276 | D:4      | Reached skill level 7 in Axes
  3462 | D:4      | Noticed Ijyb
  3465 | D:4      | HP: 2/56 [acid (12)]
  3476 | D:4      | Killed Ijyb
  3776 | D:4      | Found a transporter.
  4124 | D:4      | Reached skill level 8 in Axes
  4124 | D:4      | Reached XP level 7. HP: 54/63 MP: 7/7
  4843 | D:5      | Entered Level 5 of the Dungeon
  4902 | D:5      | Found a staircase to the Ecumenical Temple.
  4914 | D:5      | Reached skill level 9 in Axes
  4951 | Temple   | Entered the Ecumenical Temple
  5030 | Temple   | Became a worshipper of Warmaster Okawaru
  5096 | D:5      | Gained mutation: Your body sometimes deteriorates upon
                  | taking damage. [potion of mutation]
  5096 | D:5      | Gained mutation: You are partially covered in large bone
                  | plates. (SH +4) [potion of mutation]
  5299 | D:5      | Identified Zielliz's Volume of Air and Enchantment
  5347 | D:5      | Lost mutation: Your body sometimes deteriorates upon taking
                  | damage. [potion of mutation]
  5347 | D:5      | Gained mutation: You are resistant to hostile enchantments.
                  | (MR+) [potion of mutation]
  5347 | D:5      | Gained mutation: You tend to lose your temper in combat.
                  | [potion of mutation]
  5347 | D:5      | Gained mutation: You are partially covered in rugged brown
                  | scales. (AC +1, +3% HP) [potion of mutation]
  5357 | D:5      | Reached XP level 8. HP: 63/75 MP: 8/8
  5599 | D:6      | Noticed a two-headed ogre
  5610 | D:6      | HP: 2/75 [two-headed ogre/+0 giant club (20)]
  5944 | D:6      | Reached skill level 10 in Axes
  6001 | D:6      | Reached * piety under Okawaru
  6014 | D:6      | Killed a two-headed ogre
  6014 | D:6      | Reached ** piety under Okawaru
  6014 | D:6      | Reached skill level 12 in Axes
  6014 | D:6      | Reached XP level 9. HP: 14/84 MP: 3/9
  7162 | D:7      | Reached *** piety under Okawaru
  7347 | D:7      | Found a snail-covered altar of Cheibriados.
  7622 | D:7      | Reached skill level 13 in Axes
  7871 | D:8      | Found an iron altar of Okawaru.
  7873 | D:8      | Noticed a two-headed ogre
  7874 | D:8      | Noticed a troll
  7876 | D:8      | Noticed a centaur warrior
  7885 | D:8      | Killed a two-headed ogre
  7885 | D:8      | Reached skill level 10 in Fighting
  7885 | D:8      | Reached skill level 5 in Armour
  7885 | D:8      | Reached XP level 10. HP: 21/95 MP: 10/10
  7886 | D:8      | Noticed a harpy
  7887 | D:8      | HP: 4/95 [centaur warrior (9)]
  7887 | D:8      | Slain by a troll

Skill      XL: |  1  2  3  4  5  6  7  8  9 |
---------------+----------------------------+-----
Axes           | 3 4 5 6 8 9 12 13 | 13.9
Fighting       | 4 5 6 7 8 10 | 10.0
Armour         | 5 |  5.1
Shields        | |  3.2

Action                   |  1- 3 |  4- 6 |  7- 9 | 10-12 || total
-------------------------+-------+-------+-------+-------++-------
Melee: War axe           |   101 |   210 |   306 |     2 ||   619
  Use: Potion            |       |     8 |     7 |       ||    15
       Scroll            |       |     5 |     4 |       ||     9
  Eat: Chunk             |     1 |     9 |     8 |       ||    18
       Ration            |       |       |     1 |       ||     1
Armor: Scale mail        |    66 |    92 |    29 |       ||   187
       Plate armour      |       |       |    69 |     5 ||    74
Dodge: Dodged            |    60 |    99 |    85 |       ||   244
Block: Other             |       |       |    99 |     5 ||   104
       Reflection        |       |       |     6 |       ||     6
